[Event "fics rated crazyhouse match"]
[Site "fics, Oklahoma City, OK USA"]
[Date "2000.10.21"]
[White "Lomboc"]
[WhiteElo "2337"]
[Black "nasnad"]
[BlackElo "2386"]
[TimeControl "60+0"]
[Result "0-1"]

1. d4 Nf6 2. Nc3 e6 3. e4 Bb4 4. Bd3 d5 5. e5 Ne4 6. Bd2 
Nxd2 7. Qxd2 B@e4 8. N@f3 Nc6 9. a3 Bxc3 10. bxc3 N@b2 11. B@h4 Qd7 
12. Ng5 Bxd3 13. cxd3 B@g6 14. N1f3 Nxd3+ 15. Kf1 P@e4 16. Ne1 b6 17. Nxd3 
Ba6 18. N@b4 Nxb4 19. axb4 Bxd3+ 20. Kg1 N@c4 21. Qf4 N@e2+ 22. Kf1 Nxf4# 
{Lomboc resigns} 0-1

[Event "fics rated crazyhouse match"]
[Site "fics, Oklahoma City, OK USA"]
[Date "2000.10.21"]
[White "nasnad"]
[WhiteElo "2393"]
[Black "Lomboc"]
[BlackElo "2330"]
[TimeControl "60+0"]
[Result "1-0"]

1. e4 e6 2. d4 Nf6 3. e5 Nd5 4. Nh3 d6 5. exd6 cxd6 6. Be2 
Nc6 7. O-O Be7 8. Nc3 Nxc3 9. bxc3 N@e4 10. Bd2 e5 11. P@g4 exd4 
12. cxd4 Nxd4 13. Bd3 Ng5 14. Bxg5 Bxg5 15. Re1+ P@e5 16. N@f3 Nxf3+ 17. Qxf3 
N@d4 18. Qd1 B@d7 19. P@f3 P@d2 20. Rf1 Bc6 21. N@g3 Bf4 22. Nxf4 exf4 
23. Qxd2 fxg3 24. fxg3 Bxf3 25. gxf3 N@h3+ 26. Kg2 P@e3 27. Qxe3+ P@e5 28. N@h5 
Rg8 29. B@h4 Rh8 30. Bxd8 Kxd8 31. B@h4+ B@f6 32. Bxf6+ gxf6 33. P@e7+ Kxe7 
34. Nxf6 Kxf6 35. B@h4+ P@g5 36. Bxg5+ Nxg5 37. Qxg5+ Kxg5 38. N@e4+ Kg6 39. Q@f6# 
{Lomboc checkmated} 1-0

[Event "fics rated crazyhouse match"]
[Site "fics, Oklahoma City, OK USA"]
[Date "2000.10.21"]
[White "Lomboc"]
[WhiteElo "2323"]
[Black "nasnad"]
[BlackElo "2400"]
[TimeControl "60+0"]
[Result "1-0"]

1. e4 Nf6 2. Nc3 e5 3. d4 exd4 4. Qxd4 Nc6 5. Qd1 Bb4 6. Bd3 
Qe7 7. Bd2 Bxc3 8. Bxc3 Nxe4 9. Bxe4 Qxe4+ 10. N@e3 P@d4 11. B@f3 Qe7 
12. Bxd4 Nxd4 13. Qxd4 N@e6 14. Qd1 P@d4 15. Nd5 Qc5 16. P@b4 Qd6 17. N@b5 
Qe5+ 18. Qe2 Qxe2+ 19. Nxe2 B@d8 20. Nexd4 Nxd4 21. Nxd4 Q@e5+ 22. Q@e4 d6 
23. Qxe5+ dxe5 24. P@e7 Bxe7 25. Nxc7+ Kd8 26. N@e6+ fxe6 27. Ncxe6+ Ke8 28. P@c7 
P@d2+ 29. Kf1 B@c4+ 30. P@d3 B4xe6 31. Nxe6 Bxe6 32. Bxb7 Q@c1+ 33. Q@d1 Qxd1+ 
34. Rxd1 Q@e1+ 35. Rxe1 dxe1=Q+ 36. Kxe1 Bxb4+ 37. P@c3 R@c1+ 38. B@d1 N@b1 39. cxb4 
P@d2+ 40. Ke2 N@d4+ 41. Ke3 N@f5+ 42. Ke4 N@d6+ 43. Kxe5 Nf7+ 44. Kf4 g5+ 
45. Kg4 
{nasnad forfeits on time} 1-0

[Event "fics rated crazyhouse match"]
[Site "fics, Oklahoma City, OK USA"]
[Date "2000.10.21"]
[White "nasnad"]
[WhiteElo "2390"]
[Black "Lomboc"]
[BlackElo "2333"]
[TimeControl "60+0"]
[Result "1-0"]

1. e4 e6 2. Nc3 d5 3. exd5 exd5 4. d4 Nf6 5. Nf3 Be7 6. P@h6 
Rg8 7. hxg7 Rxg7 8. P@e5 Ng4 9. Be2 P@e4 10. h3 Nxf2 11. Kxf2 exf3 
12. Bxf3 P@g3+ 13. Kf1 N@f2 14. N@h5 Rg8 15. P@f6 Nxd1 16. Nxd1 Bb4 17. c3 
P@f2 18. N@g7+ Kf8 19. Ke2 Bd7 20. Bh6 Bb5+ 21. Ke3 Q@d3+ 22. Kf4 Rxg7 
23. Bxg7+ Ke8 24. R@g8+ Kd7 25. Kxg3 Qd2 26. Nxf2 N@f5+ 27. Kh2 Qxf2 28. Rxd8+ 
Kxd8 29. Q@g8+ R@f8 30. P@g3 Rxg8 31. P@e7+ Bxe7 32. Rhf1 Qxf1 33. Rxf1 P@d7 
34. Q@f8+ Rxf8 35. fxe7+ Nxe7 36. Bf6 R@h1+ 37. Kxh1 N@f2+ 38. Kh2 Q@h1+ 39. Rxh1 
Q@g1+ 40. Kxg1 Re8 41. Kxf2 
{Lomboc forfeits on time} 1-0

[Event "fics rated crazyhouse match"]
[Site "fics, Oklahoma City, OK USA"]
[Date "2000.10.21"]
[White "Lomboc"]
[WhiteElo "2326"]
[Black "nasnad"]
[BlackElo "2397"]
[TimeControl "60+0"]
[Result "0-1"]

1. e3 Nf6 2. d4 d5 3. Nf3 Nc6 4. Nc3 Bg4 5. Be2 e6 6. Ne5 
Bxe2 7. Qxe2 Ne4 8. B@d7+ Qxd7 9. Nxd7 Kxd7 10. Nxe4 dxe4 11. N@e5+ Nxe5 
12. dxe5 B@a5+ 13. Bd2 B@b4 14. Bxb4 Bfxb4+ 15. B@d2 Bxd2+ 16. Kf1 B@e7 17. N@c4 
B@b4 18. c3 Bdxc3 19. bxc3 Bxc3 20. Rd1+ P@d3 21. Qg4 P@e2+ 22. Qxe2 N@d5 
23. Qg4 N@g6 24. Qxe4 Nxe5 25. Nxe5+ Bxe5 26. Qxd3 N@c5 27. Qe2 N@c3 28. B@b5+ 
P@c6 29. Rxd5+ Nxd5 30. P@c4 R@b1+ 31. N@e1 Nc3 32. Qd2+ B7d6 33. N@d3 N3e4 
34. Nxe5+ Ke7 35. Qc2 Rxe1# 
{Lomboc checkmated} 0-1

[Event "fics rated crazyhouse match"]
[Site "fics, Oklahoma City, OK USA"]
[Date "2000.10.21"]
[White "nasnad"]
[WhiteElo "2403"]
[Black "Lomboc"]
[BlackElo "2320"]
[TimeControl "60+0"]
[Result "0-1"]

1. e4 e6 2. d4 d5 3. e5 Nc6 4. h4 Nge7 5. h5 Nf5 6. Nf3 
h6 7. Nc3 Bb4 8. Bb5 Bd7 9. Be3 Nxe5 10. Bxd7+ Nxd7 11. B@e5 Nxe5 
12. Nxe5 Bxc3+ 13. bxc3 N@e4 14. B@d7+ Ke7 15. O-O P@d6 16. N@g6+ fxg6 17. Nxg6+ 
Kxd7 18. Nxh8 Qxh8 19. P@g4 Nh4 20. R@h3 Nxg2 21. Kxg2 Rf8 22. N@f4 N@g5 
23. Rg3 Nxg3 24. fxg3 B@e4+ 25. N@f3 Nxf3 26. Rxf3 Bxf3+ 27. Qxf3 B@e4 28. B@a4+ 
P@c6 29. Qxe4 dxe4 30. B@e2 B@f3+ 31. Kh2 Rxf4 32. Bxf4 Q@g2# 
{nasnad checkmated} 0-1

[Event "fics rated crazyhouse match"]
[Site "fics, Oklahoma City, OK USA"]
[Date "2000.10.21"]
[White "Lomboc"]
[WhiteElo "2330"]
[Black "nasnad"]
[BlackElo "2393"]
[TimeControl "60+0"]
[Result "1-0"]

1. e4 Nf6 2. Nc3 e5 3. Nf3 Nc6 4. Bb5 d6 5. O-O Be7 6. d4 
exd4 7. Nxd4 Bd7 8. Bxc6 bxc6 9. Nxc6 Bxc6 10. P@d5 Bd7 11. N@f5 Bxf5 
12. exf5 B@e5 13. P@e6 O-O 14. exf7+ Rxf7 15. B@e6 Bxh2+ 16. Kxh2 N@g4+ 17. Kh1 
N@e5 18. P@h3 Nh6 19. Bxh6 gxh6 20. Bxf7+ Nxf7 21. N@e6 Qd7 22. R@g7+ Kh8 
23. Rxf7 P@g7 24. Rxg7 B@h5 25. P@g4 B@f8 26. Rxh7+ Nxh7 27. gxh5 P@f7 28. P@g6 
R@g7 29. gxh7 Rxh7 30. B@g6 fxe6 31. Bxh7 P@f7 32. dxe6 Qc6 33. B@f3 P@e4 
34. Nxe4 N@g3+ 35. fxg3 Kxh7 36. exf7 B@e6 37. P@g6+ Kg7 38. R@g8# 
{nasnad checkmated} 1-0

[Event "fics rated crazyhouse match"]
[Site "fics, Oklahoma City, OK USA"]
[Date "2000.10.21"]
[White "nasnad"]
[WhiteElo "2384"]
[Black "Lomboc"]
[BlackElo "2339"]
[TimeControl "60+0"]
[Result "0-1"]

1. e4 Nf6 2. e5 Nd5 3. Nc3 d6 4. Nxd5 dxe5 5. Nc3 e6 6. Nf3 
Nc6 7. Bb5 Bd7 8. Bxc6 Bxc6 9. d3 B@g4 10. N@e3 Bgxf3 11. gxf3 P@d4 
12. B@e4 dxe3 13. Bxc6+ bxc6 14. Bxe3 N@g2+ 15. Kd2 B@d4 16. B@f5 exf5 17. N@c4 
Nxe3 18. fxe3 Bxe3+ 19. Nxe3 P@d4 20. B@f2 B@f4 21. N@f1 dxe3+ 22. Bxe3 Bxe3+ 
23. Nxe3 B@d4 24. P@f2 f4 25. B@g1 fxe3+ 26. fxe3 B@h6 27. P@f2 Bb4 28. P@g2 
Bdxc3+ 29. bxc3 Bxc3+ 30. Kxc3 P@b4+ 31. Kd2 N@c3 32. Qc1 N@h4 33. B@b7 Nxg2 
34. Bxc6+ P@d7 35. Bxa8 Qxa8 36. B@c4 Qxf3 37. R@e1 Nxe1 38. Qxe1 R@e2+ 39. Kc1 
Rxe1+ 40. Kb2 B@a3+ 41. Kb3 N@c5# 
{nasnad checkmated} 0-1

[Event "fics rated crazyhouse match"]
[Site "fics, Oklahoma City, OK USA"]
[Date "2000.10.21"]
[White "Lomboc"]
[WhiteElo "2348"]
[Black "nasnad"]
[BlackElo "2375"]
[TimeControl "60+0"]
[Result "1-0"]

1. e4 Nf6 2. Nc3 e5 3. Nf3 Nc6 4. Bb5 d6 5. d3 Be7 6. Bg5 
O-O 7. Bxf6 Bxf6 8. Bxc6 bxc6 9. N@h5 B@e7 10. Nxf6+ Bxf6 11. h3 B@h5 
12. B@g4 Bcxg4 13. hxg4 Bxg4 14. N@f5 Bxf5 15. exf5 P@h6 16. B@b3 N@g4 17. B@g6 
hxg6 18. fxg6 B@b6 19. Qe2 Bxf2+ 20. Kd1 N@e3+ 21. Kc1 P@d5 22. gxf7+ Kxf7 
23. P@h3 P@b4 24. Na4 B@a3 25. hxg4 Bxb2+ 26. Nxb2 P@c3 27. Na4 Nxg4 28. Rb1 
P@b2+ 29. Nxb2 cxb2+ 30. Rxb2 N@c3 31. Qd2 Be3 32. B@h5+ Ke7 33. Bxg4 Bxd2+ 
34. Nxd2 Q@f4 35. N@g6+ Kf7 36. B@e6+ Kxg6 37. Bef5+ Qxf5 38. Bxf5+ Kxf5 39. N@g3+ 
Ke6 40. P@f5+ Kf7 41. Q@e6# 
{nasnad checkmated} 1-0

[Event "fics rated crazyhouse match"]
[Site "fics, Oklahoma City, OK USA"]
[Date "2000.10.21"]
[White "nasnad"]
[WhiteElo "2366"]
[Black "Lomboc"]
[BlackElo "2357"]
[TimeControl "60+0"]
[Result "1-0"]

1. e4 Nf6 2. Nc3 d5 3. exd5 Nxd5 4. Nf3 e6 5. d4 Nc6 6. P@e4 
Nxc3 7. bxc3 P@b4 8. Bb5 bxc3 9. N@e5 Bd7 10. Nxd7 Qxd7 11. Bxc6 Qxc6 
12. N@e5 Qxe4+ 13. Be3 B@d2+ 14. Nxd2 cxd2+ 15. Qxd2 Qxg2 16. B@f3 Qxf3 17. Nxf3 
B@c6 18. B@e2 N@g2+ 19. Kd1 N@b2+ 20. Kc1 Ba3 21. Kb1 Na4 22. c3 P@b2 
23. Kc2 bxa1=Q 24. Rxa1 P@e4 25. Kd1 exf3 26. P@d7+ Kxd7 27. d5 exd5 28. Bxf3 
Nxe3+ 29. fxe3 Nb2+ 30. Ke2 B@a6+ 31. P@d3 P@d6 32. N@f5 Rhe8 33. Nxg7 N@f4+ 
34. Kf1 P@g2+ 35. Bxg2 Nxg2 36. Q@g4+ B@e6 37. Qgxg2 Nxd3 38. N@f6+ Kd8 
{Lomboc resigns} 1-0

[Event "fics rated crazyhouse match"]
[Site "fics, Oklahoma City, OK USA"]
[Date "2000.10.21"]
[White "Lomboc"]
[WhiteElo "2349"]
[Black "nasnad"]
[BlackElo "2374"]
[TimeControl "60+0"]
[Result "0-1"]

1. e4 Nf6 2. Nc3 d5 3. e5 Ne4 4. Nxe4 dxe4 5. d4 exd3 6. Bxd3 
e6 7. Nf3 P@d5 8. N@h5 N@e4 9. Bxe4 dxe4 10. Qxd8+ Kxd8 11. P@f6 exf3 
12. gxf3 Q@a5+ 13. Bd2 Qxe5+ 14. N@e4 Qxh5 15. P@e7+ Bxe7 16. fxe7+ Kxe7 17. Bb4+ 
P@d6 18. Nxd6 N@g2+ 19. Kf1 N@e3+ 20. fxe3 Nxe3+ 21. Kf2 Qh4+ 22. Kxe3 Qxb4 
23. Ne4 B@d4+ 24. Ke2 B@a6+ 25. P@d3 Qxb2 26. B@h4+ P@f6 27. Rac1 P@d6 28. N@b3 
P@d5 29. Nxd4 Qxd4 30. B@e3 Qe5 31. Nxf6 N@c3+ 32. Kf2 gxf6 33. Bxf6+ Qxf6 
34. N@g4 N@e4+ 35. dxe4 Nxe4+ 36. Kg2 Rg8 37. N@h5 Rxg4+ 38. fxg4 B@f3+ 39. Kg1 
N@e2+ 40. Kf1 P@g2+ 41. Ke1 gxh1=Q+ 42. R@f1 Qxf1+ 43. Kxf1 R@g1+ 44. Bxg1 P@g2+ 
45. Ke1 R@f1# 
{Lomboc checkmated} 0-1

[Event "fics rated crazyhouse match"]
[Site "fics, Oklahoma City, OK USA"]
[Date "2000.10.21"]
[White "nasnad"]
[WhiteElo "2381"]
[Black "Lomboc"]
[BlackElo "2342"]
[TimeControl "60+0"]
[Result "1-0"]

1. e4 e6 2. Nc3 d5 3. exd5 exd5 4. d4 Nf6 5. Nf3 Be7 6. Be2 
Nc6 7. P@e5 Ne4 8. Be3 Nxc3 9. bxc3 N@e4 10. Bd2 Nxd2 11. Qxd2 B@h5 
12. N@g3 Bxf3 13. Bxf3 P@e4 14. Be2 N@h4 15. B@f1 Bg5 16. N@e3 Bxe3 17. fxe3 
N@g4 18. B@h3 h5 19. Nxh5 Rxh5 20. Bhxg4 Bxg4 21. Bxg4 Rh8 22. B@d7+ Kf8 
23. Bxc6 bxc6 24. N@d7+ Kg8 25. P@f6 B@h6 26. fxg7 Bxg7 27. N@f6+ Bxf6 28. Nxf6+ 
Kf8 29. B@a3+ P@e7 30. P@d6 cxd6 31. exd6 N@g6 32. dxe7+ Nxe7 33. P@d6 Neg6 
34. P@e7+ Kg7 35. exd8=Q Raxd8 36. Nxd5 cxd5 37. P@f6+ Kxf6 38. Q@f2+ Kg7 39. g3 
B@f6 40. gxh4 Nxh4 41. N@f5+ Nxf5 42. Qxf5 N@f3+ 43. Bxf3 exf3 44. Rg1+ P@g6 
45. Qxf6+ Kxf6 46. N@g4+ Ke6 47. N@f4+ Kd7 48. Ne5+ Kc8 49. Ba6+ P@b7 50. Bxb7+ 
Kxb7 51. B@c6+ Kb8 52. Rb1+ P@b6 53. P@c7+ Kc8 54. cxd8=Q# 
{Lomboc forfeits on time} 1-0

[Event "fics rated crazyhouse match"]
[Site "fics, Oklahoma City, OK USA"]
[Date "2000.10.21"]
[White "liveZ"]
[WhiteElo "2385"]
[Black "Sunsetter"]
[BlackElo "2279"]
[TimeControl "180+0"]
[Result "1-0"]

1. e4 Nf6 2. e5 Nd5 3. Nc3 e6 4. Nf3 Nc6 5. Nxd5 exd5 6. N@e3 
d4 7. Nf5 N@e6 8. Bb5 g6 9. Bxc6 dxc6 10. N@f6+ Qxf6 11. exf6 gxf5 
12. Nxd4 Nxd4 13. P@e7 Bxe7 14. fxe7 N@e6 15. B@f6 N@d3+ 16. cxd3 N@c2+ 17. Kf1 
B@e2+ 18. Qxe2 Ne3+ 19. Qxe3 P@e2+ 20. Qxe2 Kd7 21. N@c5+ Ke8 22. Q@d8+ Nxd8 
23. N@g7# 
{Sunsetter checkmated} 1-0

[Event "fics rated crazyhouse match"]
[Site "fics, Oklahoma City, OK USA"]
[Date "2000.10.21"]
[White "Gobi"]
[WhiteElo "2338"]
[Black "nasnad"]
[BlackElo "2388"]
[TimeControl "60+0"]
[Result "0-1"]

1. e4 Nf6 2. e5 Ne4 3. Nc3 Nxc3 4. dxc3 Nc6 5. Nf3 N@g4 6. Bf4 
d6 7. exd6 exd6 8. Bb5 Be7 9. P@d5 Bd7 10. dxc6 bxc6 11. Bd3 P@e5 
12. Bg3 P@f4 13. h3 fxg3 14. hxg4 gxf2+ 15. Kxf2 B@b6+ 16. P@d4 exd4 17. cxd4 
P@e5 18. P@e3 Bxg4 19. N@f5 Bxf5 20. Bxf5 P@e6 21. Bxe6 fxe6 22. P@g6 N@g4+ 
23. Ke2 B@a6+ 24. B@d3 Bxd3+ 25. cxd3 exd4 26. B@h5 Nf6 27. gxh7+ Nxh5 28. Rxh5 
B@f7 29. Nxd4 Bxd4 30. Kf2 N@f6 31. Rg5 Bxe3+ 32. Kxe3 B@b6+ 33. Kd2 P@e3+ 
34. Kc2 Nd5 35. Qf3 Bxg5 36. Kb3 R@b4+ 37. Ka3 Rb5 38. Qxf7+ Kxf7 39. B@g8+ 
Rxg8 40. hxg8=Q+ Qxg8 
{Gobi forfeits on time} 0-1

[Event "fics rated crazyhouse match"]
[Site "fics, Oklahoma City, OK USA"]
[Date "2000.10.21"]
[White "nasnad"]
[WhiteElo "2395"]
[Black "Gobi"]
[BlackElo "2331"]
[TimeControl "60+0"]
[Result "0-1"]

1. e4 Nf6 2. Nc3 e5 3. Nf3 Nc6 4. Bc4 Bc5 5. O-O d6 6. d3 
O-O 7. Bg5 Bg4 8. h3 Bxf3 9. Qxf3 Nd4 10. Qd1 N@e6 11. Bxe6 fxe6 
12. B@e3 Qe8 13. Bxf6 Rxf6 14. N@g4 Rg6 15. N@h4 B@h5 16. Nxg6 hxg6 17. R@g3 
B@f4 18. Bxf4 exf4 19. Na4 fxg3 20. Nxc5 Bxg4 21. Qxg4 N@e2+ 22. Kh1 R@h2# 
{nasnad checkmated} 0-1

[Event "fics rated crazyhouse match"]
[Site "fics, Oklahoma City, OK USA"]
[Date "2000.10.21"]
[White "Gobi"]
[WhiteElo "2340"]
[Black "nasnad"]
[BlackElo "2386"]
[TimeControl "60+0"]
[Result "0-1"]

1. e4 Nf6 2. e5 Ne4 3. Qe2 d5 4. d3 Nc5 5. d4 Ne4 6. Nd2 
Nc6 7. c3 Bf5 8. Nxe4 Bxe4 9. N@e3 N@d3+ 10. Qxd3 Bxd3 11. Bxd3 e6 
12. Nf3 Be7 13. N@h5 Q@f8 14. Ng4 a6 15. B@g5 Qd7 16. Bxe7 Qdxe7 17. B@f6 
gxf6 18. exf6 Qd6 19. P@g7 Rg8 20. gxf8=Q+ Qxf8 21. Ng7+ Rxg7 22. fxg7 Qxg7 
23. Bg5 P@e7 24. Nfe5 Qxg5 25. R@h8+ B@g8 26. Q@h6 B@d2+ 27. Ke2 O-O-O 28. Qxg5 
Bxg5 29. Nxc6 bxc6 30. Bxa6+ P@b7 31. Bxb7+ Kxb7 32. N@c5+ Kc8 
{Gobi forfeits on time} 0-1

[Event "fics rated crazyhouse match"]
[Site "fics, Oklahoma City, OK USA"]
[Date "2000.10.21"]
[White "nasnad"]
[WhiteElo "2393"]
[Black "Gobi"]
[BlackElo "2333"]
[TimeControl "60+0"]
[Result "0-1"]

1. e4 Nc6 2. Nc3 Nf6 3. d4 e5 4. dxe5 Nxe5 5. P@f4 Neg4 6. e5 
Nxf2 7. Kxf2 Bc5+ 8. N@d4 Bxd4+ 9. Qxd4 Ng4+ 10. Ke1 P@f2+ 11. Kd1 fxg1=Q 
12. Rxg1 N@f5 13. Qe4 Nf2+ 14. Ke1 Nxe4 15. Nxe4 d5 16. exd6 Nxd6 17. B@b5+ 
P@c6 18. Nxd6+ cxd6 19. P@f3 cxb5 20. Bxb5+ P@c6 21. Bd3 B@d4 22. P@e3 Qh4+ 
23. P@g3 Qxh2 24. N@e2 P@f2+ 25. Kxf2 N@h3+ 26. Ke1 Qxg1+ 27. Kd2 Qxe3# 
{nasnad resigns} 0-1

[Event "fics rated crazyhouse match"]
[Site "fics, Oklahoma City, OK USA"]
[Date "2000.10.21"]
[White "Gobi"]
[WhiteElo "2342"]
[Black "nasnad"]
[BlackElo "2384"]
[TimeControl "60+0"]
[Result "0-1"]

1. e4 Nf6 2. e5 Ne4 3. Nc3 d5 4. exd6 Nxd6 5. d4 Bf5 6. Nf3 
e6 7. Ne5 P@f6 8. P@g4 Bg6 9. Nxg6 hxg6 10. Bc4 Nxc4 11. B@b5+ B@c6 
12. Bxc4 Bxg2 13. Rg1 N@f3+ 14. Qxf3 Bxf3 15. Bf4 Bb4 16. N@b5 Bxc3+ 17. bxc3 
P@d6 18. B@f1 Nc6 19. Bxd6 cxd6 20. N@c7+ Ke7 21. Rg3 B@d5 22. Nxd5+ exd5 
23. Rxf3 Q@e4+ 24. Re3 N@f3+ 25. Ke2 Qxe3+ 26. Kd1 R@e1# 
{Gobi checkmated} 0-1

[Event "fics rated crazyhouse match"]
[Site "fics, Oklahoma City, OK USA"]
[Date "2000.10.21"]
[White "nasnad"]
[WhiteElo "2391"]
[Black "Gobi"]
[BlackElo "2335"]
[TimeControl "60+0"]
[Result "1-0"]

1. e4 Nf6 2. Nc3 e5 3. Nf3 Nc6 4. Bc4 Bc5 5. O-O O-O 6. d3 
d6 7. Bg5 Bg4 8. Nd5 Nxd5 9. Bxd8 Nf4 10. Bh4 N@e2+ 11. Kh1 Bxf3 
12. gxf3 Ncd4 13. Rg1 N@g6 14. Bg3 Nxf3 15. Bxf4 Nexg1 16. Qxf3 Nxf3 17. N@h6+ 
gxh6 18. N@f6+ Kh8 19. B@g7+ Kxg7 20. Nh5+ Kh8 21. Q@g7# 
{Gobi checkmated} 1-0

[Event "fics rated crazyhouse match"]
[Site "fics, Oklahoma City, OK USA"]
[Date "2000.10.21"]
[White "Gobi"]
[WhiteElo "2328"]
[Black "nasnad"]
[BlackElo "2398"]
[TimeControl "60+0"]
[Result "0-1"]

1. e4 Nf6 2. Bc4 d5 3. exd5 Nxd5 4. Nc3 e6 5. Bxd5 exd5 6. Nge2 
B@h5 7. N@f4 Bg6 8. Ncxd5 Be7 9. Ng3 Nc6 10. P@h5 Bgf5 11. d3 Bce6 
12. Nxf5 Bxf5 13. B@a4 N@h4 14. O-O P@e5 15. Re1 O-O 16. Bxc6 bxc6 17. Nxe7+ 
Qxe7 18. B@g3 Nxg2 19. Nxg2 P@d6 20. N@g5 B@h6 21. f4 N@h3+ 22. Nxh3 Bxh3 
23. fxe5 Bxg2 24. Kxg2 N@f5 25. exd6 N@e3# 
{Gobi forfeits on time} 0-1

[Event "fics rated crazyhouse match"]
[Site "fics, Oklahoma City, OK USA"]
[Date "2000.10.21"]
[White "nasnad"]
[WhiteElo "2404"]
[Black "Gobi"]
[BlackElo "2322"]
[TimeControl "60+0"]
[Result "1-0"]

1. e4 Nf6 2. Nc3 e5 3. Nf3 Nc6 4. Bc4 Bb4 5. O-O d6 6. d3 
h6 7. h3 Bxc3 8. bxc3 O-O 9. B@h4 Be6 10. Bxe6 fxe6 11. B@b3 N@c5 
12. Be3 Nxb3 13. axb3 Qe8 14. Bxf6 Rxf6 15. N@g4 Rf8 16. d4 B@h5 17. dxe5 
dxe5 18. Ngxe5 Nxe5 19. Nxe5 Bxd1 20. Raxd1 P@e2 21. B@g6 exf1=Q+ 22. Rxf1 N@e2+ 
23. Kh2 B@d6 24. P@d4 Qxg6 25. N@e7+ Bxe7 26. Nxg6 B@g3+ 27. fxg3 Rxf1 28. Q@h8+ 
Kf7 29. N@e5+ Kf6 30. B@h4+ B@g5 31. Bhxg5+ hxg5 32. Bxg5+ Kxg5 33. Qh4# 
{Gobi checkmated} 1-0

[Event "fics rated crazyhouse match"]
[Site "fics, Oklahoma City, OK USA"]
[Date "2000.10.21"]
[White "Gobi"]
[WhiteElo "2316"]
[Black "nasnad"]
[BlackElo "2410"]
[TimeControl "60+0"]
[Result "1-0"]

1. e4 Nf6 2. Nc3 d5 3. e5 Ne4 4. Nf3 Nc6 5. Bb5 e6 6. Qe2 
Bd7 7. Nxe4 dxe4 8. Qxe4 Be7 9. O-O N@g6 10. Re1 a6 11. Ba4 b5 
12. Bb3 Rb8 13. d4 O-O 14. P@h6 gxh6 15. Bxh6 P@f5 16. Qe3 f6 17. exf6 
Bxf6 18. P@g7 Bxg7 19. Bxg7 Kxg7 20. N@h5+ Kg8 21. Bxe6+ Bxe6 22. Qxe6+ B@f7 
23. Qxc6 P@g7 24. P@f6 B@h8 25. fxg7 Bxg7 26. Nxg7 P@e6 27. N@h6+ Kxg7 28. P@g5 
P@e7 29. B@e5+ N@f6 30. gxf6+ exf6 31. Bxf6+ Kxf6 32. N@h5+ Ke7 33. Nxf5# 
{nasnad checkmated} 1-0

[Event "fics rated crazyhouse match"]
[Site "fics, Oklahoma City, OK USA"]
[Date "2000.10.21"]
[White "nasnad"]
[WhiteElo "2400"]
[Black "Gobi"]
[BlackElo "2326"]
[TimeControl "60+0"]
[Result "1-0"]

1. e4 d6 2. Nc3 Nf6 3. d4 a6 4. Nf3 Bg4 5. Be2 Bxf3 6. Bxf3 
Nc6 7. B@a4 Nd7 8. Bxc6 bxc6 9. d5 B@b7 10. dxc6 Bxc6 11. P@d5 Bb5 
12. N@c6 Qc8 13. Nxb5 axb5 14. B@e2 P@c4 15. Bg4 N@f6 16. Bg5 Nxe4 17. Be3 
N@f6 18. O-O P@b7 19. Nd4 c6 20. dxc6 bxc6 21. P@e6 fxe6 22. Nxe6 P@f7 
23. Nxf8 Kxf8 24. P@g5 Nxg4 25. Bxg4 c3 26. B@f3 cxb2 27. Bxe4 bxa1=Q 28. Qxa1 
B@e5 29. P@d4 Bxh2+ 30. Kxh2 e6 31. B@h6 gxh6 32. gxh6 R@h4+ 33. N@h3 Rg8 
34. P@g7+ Ke7 35. Bef3 B@f6 36. Qd1 Rxh3+ 37. gxh3 Nb6 38. R@f4 Nd5 39. Rxf6 
Nxf6 40. B@h4 N@d7 41. Beg5 
{Gobi forfeits on time} 1-0

[Event "fics rated crazyhouse match"]
[Site "fics, Oklahoma City, OK USA"]
[Date "2000.10.21"]
[White "Gobi"]
[WhiteElo "2320"]
[Black "nasnad"]
[BlackElo "2406"]
[TimeControl "60+0"]
[Result "1-0"]

1. e4 Nf6 2. Nc3 e5 3. Nf3 Nc6 4. Bb5 Bc5 5. O-O d6 6. d4 
exd4 7. Nxd4 O-O 8. Bxc6 bxc6 9. Nxc6 Qe8 10. P@e7 Qxc6 11. exf8=Q+ Kxf8 
12. Bg5 B@d4 13. P@e3 Be5 14. Bxf6 Bxf6 15. Nd5 B@d8 16. R@h8+ N@g8 17. Qh5 
P@h6 18. c3 Be6 19. Rfd1 P@g6 20. Qf3 Qd7 21. Nxf6 Bxf6 22. e5 Bxe5 
23. Qxa8+ N@d8 24. R@b8 Ke7 25. Rxg8 P@e2 26. Rbxd8 exd1=Q+ 27. Rxd1 Bxh2+ 28. Kxh2 
P@g3+ 29. fxg3 R@h5+ 30. P@h3 Rxh3+ 31. gxh3 Kf6 32. N@e4+ Ke5 33. R@f4 P@g2 
34. N@f3# 
{nasnad checkmated} 1-0

[Event "fics rated crazyhouse match"]
[Site "fics, Oklahoma City, OK USA"]
[Date "2000.10.21"]
[White "nasnad"]
[WhiteElo "2396"]
[Black "Gobi"]
[BlackElo "2330"]
[TimeControl "60+0"]
[Result "0-1"]

1. e4 Nf6 2. Nc3 e5 3. Nf3 Nc6 4. Bc4 Bc5 5. O-O Qe7 6. d3 
d6 7. Bg5 Be6 8. Bxe6 fxe6 9. Na4 O-O 10. Nxc5 dxc5 11. B@b3 N@d4 
12. B@h3 Nxb3 13. axb3 B@h5 14. N@g3 Bxf3 15. Qxf3 Nd4 16. Qd1 B@f4 17. B@e3 
Bxg3 18. hxg3 N@e2+ 19. Kh2 N@g4+ 20. Bxg4 Nxg4+ 21. Kh1 Qxg5 22. Bxg5 Rxf2 
23. Rxf2 Nxf2+ 24. Kh2 Ng4+ 25. Kh3 R@h2+ 26. Kxg4 B@h5# 
{nasnad checkmated} 0-1

[Event "fics rated crazyhouse match"]
[Site "fics, Oklahoma City, OK USA"]
[Date "2000.10.21"]
[White "Gobi"]
[WhiteElo "2339"]
[Black "nasnad"]
[BlackElo "2387"]
[TimeControl "60+0"]
[Result "0-1"]

1. e4 Nf6 2. Nc3 e5 3. Nf3 Nc6 4. Bc4 Bc5 5. O-O d6 6. Ng5 
O-O 7. h3 Nd4 8. d3 h6 9. Nxf7 Rxf7 10. P@g6 Be6 11. gxf7+ Kxf7 
12. Bxe6+ Nxe6 13. B@f5 B@d7 14. Nd5 P@g6 15. Bxg6+ Kxg6 16. P@f5+ Kh7 17. fxe6 
Bxe6 18. Nxf6+ Qxf6 19. N@h5 Qg6 20. R@g3 P@g5 21. Bxg5 hxg5 22. P@f5 Qh6 
23. fxe6 B@f4 24. B@f5+ g6 25. N@f6+ Kh8 26. Nxf4 exf4 27. Rxg5 Qxg5 28. Ng4 
R@e7 29. B@f6+ Qxf6 30. Nxf6 B@g5 31. Q@f7 Rxf7 32. exf7 Bxf6 33. R@g8+ Rxg8 
34. fxg8=Q+ Kxg8 35. Be6+ P@f7 36. Qg4 B@f8 37. Qxg6+ Q@g7 38. Bxf7+ Kh8 39. R@h7+ 
Qxh7 
{Gobi forfeits on time} 0-1

[Event "fics rated crazyhouse match"]
[Site "fics, Oklahoma City, OK USA"]
[Date "2000.10.21"]
[White "nasnad"]
[WhiteElo "2394"]
[Black "Gobi"]
[BlackElo "2332"]
[TimeControl "60+0"]
[Result "1-0"]

1. e4 Nf6 2. Nc3 Nxe4 3. Nxe4 e5 4. Nf3 d5 5. Ng3 Bd6 6. N@f5 
Rg8 7. Nxd6+ cxd6 8. d4 e4 9. Ng5 N@f6 10. Bf4 Nc6 11. Bb5 Qa5+ 
12. B@c3 Qxb5 13. Bxd6 Bg4 14. P@f3 B@h6 15. h4 exf3 16. gxf3 Bxg5 17. hxg5 
P@g2 18. Rg1 Bh3 19. Kd2 P@h2 20. Re1+ N@e4+ 21. fxe4 g1=Q 22. gxf6 Qxe1+ 
23. Qxe1 O-O-O 24. P@c7 Rxd6 25. N@e7+ Kxc7 26. B@e5 B@f4+ 27. Bxf4 dxe4 28. Bxd6+ 
Kxd6 29. B@c5+ Kd7 30. P@d6 Ke8 31. R@c7 
{Gobi forfeits on time} 1-0

[Event "fics rated crazyhouse match"]
[Site "fics, Oklahoma City, OK USA"]
[Date "2000.10.21"]
[White "Gobi"]
[WhiteElo "2325"]
[Black "nasnad"]
[BlackElo "2401"]
[TimeControl "60+0"]
[Result "0-1"]

1. e4 Nf6 2. Nc3 d5 3. e5 Ne4 4. d3 Nxc3 5. bxc3 Nc6 6. Nf3 
Bg4 7. Bf4 e6 8. Be2 N@a4 9. Qd2 Nxc3 10. Qxc3 Bb4 11. Bd2 Bxc3 
12. Bxc3 Bxf3 13. Bxf3 N@d4 14. Bd1 P@b4 15. Bxd4 Nxd4 16. B@d2 B@c3 17. Bxc3 
bxc3 18. O-O B@e2 19. Bxe2 Nxe2+ 20. Kh1 B@e4 21. f3 Bxd3 22. cxd3 P@b2 
23. Rae1 c2 24. B@a4+ c6 25. Bxc2 Nf4 26. P@g3 Nxg2 27. Kxg2 Q@d2+ 28. B@f2 
Qxc2 29. N@d6+ Ke7 30. B@f6+ gxf6 31. exf6+ Kxd6 
{Gobi forfeits on time} 0-1

[Event "fics rated crazyhouse match"]
[Site "fics, Oklahoma City, OK USA"]
[Date "2000.10.21"]
[White "nasnad"]
[WhiteElo "2407"]
[Black "Gobi"]
[BlackElo "2319"]
[TimeControl "60+0"]
[Result "0-1"]

1. e4 Nc6 2. Nc3 Nf6 3. Nf3 e5 4. Bc4 Bc5 5. O-O O-O 6. d3 
d6 7. Bg5 Be6 8. Bxe6 fxe6 9. B@b3 Qe8 10. Bxf6 Rxf6 11. N@g4 Rg6 
12. h3 B@h5 13. Nh4 Rg5 14. a3 B@g3 15. Nf3 Bxg4 16. hxg4 Bgxf2+ 17. Rxf2 
P@g3 18. Nxg5 gxf2+ 19. Kf1 N@g3# 
{nasnad checkmated} 0-1